 Dungeon Crawl Stone Soup version 0.17-a0-1105-gbe8b664 (webtiles) character file.

86 Grimpse the Shield-Bearer (level 4, -4/40 HPs)
             Began as a Minotaur Fighter on May 22, 2015.
             Slain by a gnoll
             ... wielding a cursed +0 halberd
              (10 damage)
             ... on level 3 of the Dungeon.
             The game lasted 00:05:47 (1895 turns).

Grimpse the Shield-Bearer (Minotaur Fighter)        Turns: 1895, Time: 00:05:47

Health: -4/40      AC:  4    Str: 22    XL:     4   Next: 27%
Magic:  3/3        EV:  9    Int:  5    God:
Gold:   96         SH:  9    Dex:  9    Spells: 0 memorised, 3 levels left

rFire  . . .     SeeInvis .     k - -3 short sword
rCold  . . .     Clarity  .     o - +0 leather armour
rNeg   . . .     SustAb   .     c - +0 shield
rPois  .         Gourm    .     (helmet restricted)
rElec  .         Spirit   .     (no cloak)
rCorr  .         Warding  .     (no gloves)
rMut   .         Stasis   .     i - +0 pair of boots
MR     .....                    (no amulet)
Stlth  +.........               (no ring)
                                p - ring of flight

@: not resistant to hostile enchantments, very unstealthy
A: retaliatory headbutt, horns 2
a: Evoke Flight


You were on level 3 of the Dungeon.
You were not hungry.

You visited 1 branch of the dungeon, and saw 3 of its levels.

You collected 96 gold pieces.

Inventory:

Hand weapons
 a - a +1 flail
 e - a +0 short sword
 k - a -3 short sword (weapon)
Armour
 b - a +0 scale mail
 c - a +0 shield (worn)
 i - a +0 pair of boots (worn)
 o - a +0 leather armour (worn)
Jewellery
 p - a ring of flight (left hand)
Magical devices
 q - a wand of cold (10)
Scrolls
 f - 6 scrolls of identify
 j - a scroll of enchant armour
 n - a scroll of fog {unknown}
Potions
 d - a potion of might
 g - a potion of mutation {unknown}
 h - a potion of haste {unknown}
 m - a potion of curing {unknown}
Comestibles
 l - a meat ration


   Skills:
 + Level 4.2 Fighting
 + Level 3.2 Maces & Flails
 + Level 4.2 Armour
 + Level 1.3 Dodging
 + Level 4.4 Shields


You had 3 spell levels left.
You didn't know any spells.

Dungeon Overview and Level Annotations

Branches:
Dungeon (3/15)

Altars:


Innate Abilities, Weirdness & Mutations

You reflexively headbutt those who attack you in melee.
You have a pair of horns on your head.


Message History

A gnoll comes into view. It is wielding a spear.
The gnoll shouts!
You barely miss the gnoll. The gnoll hits you with a halberd!
You closely miss the gnoll. The gnoll hits you with a halberd!
You block the gnoll's attack. The gnoll closely misses you.
You hit the gnoll but do no damage. The gnoll hits you.
You block the gnoll's attack.
The gnoll hits you from afar with a halberd.
* * * LOW HITPOINT WARNING * * *
The gnoll hits you from afar with a spear.
* * * LOW HITPOINT WARNING * * *
The gnoll hits you.
* * * LOW HITPOINT WARNING * * *
The gnoll barely misses you. You furiously retaliate!
You headbutt the gnoll. You block the gnoll's attack.
The gnoll barely misses you.
You barely miss the gnoll. The gnoll hits you but does no damage.
You barely miss the gnoll.
The gnoll hits you from afar with a halberd!
You die...

.# ..# .... #....
#....##### ...#.....##
.......#..###########
#.ggg@......†..##
#.>.?..g###....<.....#
#.###..>g ##........##
###... ##########
#.##. ... .. ##. ## .


You could see 4 gnolls.

Vanquished Creatures
  3 adders (D:2)
  2 oozes
  A worm (D:2)
  A giant gecko (D:2)
  4 bats
  3 giant cockroaches
  9 goblins
  4 hobgoblins
  9 kobolds
  A ball python (D:1)
  5 giant newts
  4 rats
46 creatures vanquished.

Notes
Turn   | Place    | Note
--------------------------------------------------------------
     0 | D:1      | Grimpse the Minotaur Fighter began the quest for the Orb.
     0 | D:1      | Reached XP level 1. HP: 19/19 MP: 0/0
   309 | D:1      | Reached XP level 2. HP: 27/27 MP: 1/1
   630 | D:1      | Reached skill level 4 in Armour
   960 | D:2      | Reached XP level 3. HP: 31/33 MP: 2/2
  1504 | D:2      | Reached XP level 4. HP: 40/40 MP: 3/3
  1732 | D:2      | Reached skill level 1 in Dodging
  1895 | D:3      | Slain by a gnoll

Vault maps used:
D:1:      dpeg_arrival_line_fractal, minmay_misc_feat_encased
D:3:      gammafunk_temple_overflow_forgotten, first_bread

Action                   |  1- 3 |  4- 6 || total
-------------------------+-------+-------++-------
Melee: Flail             |    54 |       ||    54
       Short sword       |    48 |    46 ||    94
  Use: Scroll            |     4 |     2 ||     6
  Eat: Bread ration      |       |     1 ||     1
       Pizza             |       |     1 ||     1
